Map: Tokamak LE

Players

ManlyManMeat - Winner!

  • Race: Zerg Zerg
  • League: Diamond
  • Spawn Location: 7:00

Mazzader

  • Race: Zerg Zerg
  • League: Diamond
  • Spawn Location: 1:00

VOD

Have the link to the VOD?

Description

Time

  • Played on: July 9, 2025, 9:35 a.m.
  • Length: 7:52
Show
View Real Time Build Order
Export as new Build Order

ManlyManMeat Zerg - Winner!

Build Orders: Hatch First 

Get SALT Encoding   

  12  0:00  Drone  
  13  0:08  Drone  
  13  0:13  Extractor  
  13  0:15  Drone  
  15  0:22  Overlord  
  15  0:41  Drone  
  16  0:47  Hatchery  
  16  0:49  Drone  
  16  0:54  Drone  
  17  0:57  Drone  
  18  1:08  Extractor  
  17  1:13  Spawning Pool  
  17  1:15  Drone  
  17  1:20  Drone  
  18  1:26  Drone  
  19  1:37  Drone  
  20  1:47  Drone  
  21  1:59  Queen x2  
  21  2:01  Zergling x2  
  26  2:03  Overlord  
  26  2:08  Metabolic Boost  
  26  2:19  Drone  
  26  2:20  Drone  
  29  2:30  Drone x2  
  30  2:41  Hatchery  
  29  2:45  Zergling x4  
  31  2:52  Baneling Nest  
  30  3:02  Drone x2  
  30  3:03  Drone, Zergling x2  
  30  3:05  Overlord  
  33  3:14  Zergling x6  
  33  3:19  Overlord  
  36  3:28  Zergling x6  
  36  3:33  Extractor  
  38  3:37  Baneling  
  37  3:43  Drone  
  37  3:44  Roach Warren, Evolution Chamber  
  36  3:53  Zergling x8  
  40  4:01  Baneling  
  40  4:02  Baneling  
  40  4:03  Baneling  
  40  4:08  Drone x4  
  44  4:23  Drone  
  44  4:24  Drone x2  
  43  4:40  Roach x6  
  54  4:48  Roach x2  
  55  5:02  Roach  
  55  5:05  Drone x2  
  55  5:06  Overlord x3  
  57  5:16  Overlord x2  
  57  5:20  Zerg Missile Weapons Level 1  
  57  5:22  Queen  
  57  5:27  Roach x2  
  57  5:28  Zergling x2  
  62  5:34  Zergling x4  
  62  5:35  Zergling x6  
  67  5:48  Baneling x2  
  67  5:54  Baneling x2  
  67  5:59  Roach x2  
  67  6:03  Roach  
  71  6:17  Roach x2  
  66  6:20  Zergling x6  
  68  6:26  Zergling x18  
  68  6:27  Zergling x4  
  79  6:36  Roach  
  79  6:37  Roach  
  83  6:43  Roach  
  78  6:57  Roach x3  
  84  7:01  Baneling  
  84  7:02  Baneling x2  
  84  7:05  Extractor  
  84  7:06  Extractor  
  82  7:09  Zergling x2, Roach  
  82  7:10  Zergling x10  
  81  7:25  Zergling x6  
  71  7:42  Spore Crawler  
  71  7:43  Spore Crawler  
  72  7:44  Spore Crawler  
Show
View Real Time Build Order
Export as new Build Order

Mazzader Zerg 

Build Orders: Hatch First 

Get SALT Encoding   

  12  0:02  Drone  
  13  0:12  Overlord  
  13  0:17  Drone  
  14  0:30  Drone x2  
  14  0:34  Drone  
  17  0:54  Hatchery  
  17  0:55  Drone  
  17  0:56  Drone  
  18  1:01  Extractor  
  17  1:12  Spawning Pool  
  17  1:15  Drone  
  17  1:18  Drone  
  18  1:29  Drone  
  19  1:59  Queen  
  19  2:00  Zergling x2  
  22  2:02  Metabolic Boost  
  22  2:06  Queen  
  22  2:07  Zergling x2  
  25  2:09  Drone x2  
  27  2:20  Overlord  
  27  2:21  Drone  
  28  2:40  Drone x2  
  28  2:42  Hatchery  
  30  2:44  Drone  
  30  2:46  Drone  
  30  2:48  Drone  
  32  2:58  Baneling Nest  
  32  3:01  Zergling x2  
  32  3:02  Zergling x2  
  33  3:06  Drone x2  
  33  3:10  Overlord  
  35  3:24  Overlord  
  35  3:26  Zergling x2  
  36  3:28  Zergling x4  
  36  3:29  Zergling x4  
  40  3:39  Drone x3  
  42  3:53  Drone x3  
  45  4:03  Lair  
  45  4:04  Drone x6  
  45  4:05  Drone  
  45  4:07  Extractor x2  
  45  4:09  Baneling x3  
  50  4:13  Queen  
  52  4:19  Zergling x2  
  52  4:20  Zergling x4  
  49  4:24  Spore Crawler  
  49  4:28  Zergling x6  
  49  4:29  Zergling x2  
  50  4:39  Zergling x10  
  54  4:47  Zergling x6  
  54  4:50  Queen  
  57  4:59  Zergling x2  
  54  5:00  Zergling x6  
  51  5:07  Baneling  
  51  5:08  Baneling x3  
  51  5:10  Zergling x6  
  51  5:13  Overlord  
  54  5:20  Spire  
  52  5:22  Zergling x6  
  55  5:31  Zergling x2  
  55  5:32  Zergling x2  
  55  5:33  Zergling x2  
  55  5:34  Zergling x10  
  63  5:39  Spine Crawler  
  62  5:44  Drone x4  
  66  6:00  Overlord  
  65  6:11  Zergling x6  
  64  6:12  Zergling x2  
  64  6:18  Zergling x18  
  57  6:37  Mutalisk  
  57  6:38  Zergling x2, Mutalisk  
  57  6:39  Mutalisk x2  
  59  6:57  Spine Crawler  
  59  6:58  Zergling x2  
  59  6:59  Zergling x16, Spine Crawler  
  65  7:02  Mutalisk x2  
  65  7:07  Baneling  
  39  7:34  Zergling x2  
  39  7:35  Zergling x8  
Tags
 
Add a new tag
Caveats
  • Supply blocks, unpowered buildings, or Contaminate may cause inaccurate times.
  • Supply counts are checked every 10 seconds.